AoeStats
← 海旋风

Highland

504024265Analyzed
4v4 RM · 29d ago on Sep 3, 2026· 47m 35s· 8 players
Game mode
Random Map
Map size
Large (8 player)
Population
200
Speed
Normal
Resources
Standard
Victory
Conquest
Starting age
Dark Age
Ending age
Imperial Age
RankedLock teamsTeams togetherTeam positionsShared explorationLock speedFull tech treeHidden civsTurbo modeCheats
Victory
Defeat
🇨🇳 Spanish · China
893
+15
🇨🇳 Burgundians · China
893
+15
🇨🇳 Poles · China
893
+15
🇨🇿 Bohemians · Czechia
842
+17
🇪🇸 Magyars · Spain
919
-18
🇨🇳 Huns · China
859
-15
🇨🇳 Persians · China
855
-15
🇨🇳 Tatars · China
846
-14
chentao_1209
12:13 Feudal Age
18:25 Castle Age
17:35 Double-Bit Axe
17:31 Horse Collar
19:21 Fishing Lines
22:58 Heavy Plow
24:01 Wheelbarrow
28:43 Bow Saw
30:19 Kamandaran
31:13 Gold Mining
32:31 Gold Shaft Mining
36:07 Imperial Age
34:28 Fletching
34:39 Padded Archer Armor
35:11 Crossbowman
35:58 Thumb Ring
36:07 Bloodlines
35:58 Husbandry
36:07 Scale Barding Armor
36:18 Leather Archer Armor
35:58 Bodkin Arrow
36:37 Forging
35:52 Cavalier
37:27 Coinage
36:59 Caravan
37:39 Conscription
40:00 Hand Cart
41:11 Two-Man Saw
42:06 Ring Archer Armor
43:57 Chain Barding Armor
juanam86
9:54 Loom
12:24 Feudal Age
16:15 Castle Age
15:07 Double-Bit Axe
19:27 Horse Collar
22:02 Wheelbarrow
28:45 Imperial Age
28:04 Hand Cart
27:55 Fletching
28:06 Padded Archer Armor
28:19 Heavy Plow
29:01 Thumb Ring
29:20 Ballistics
29:12 Bodkin Arrow
30:11 Parthian Tactics
29:59 Bracer
30:14 Leather Archer Armor
31:45 Chemistry
31:16 Leather Archer Armor
31:37 Conscription
31:42 Recurve Bow
32:12 Bloodlines
32:15 Husbandry
33:36 Heavy Cavalry Archer
34:39 Bow Saw
36:20 Cavalier
39:00 Ring Archer Armor
38:36 Scale Barding Armor
40:13 Paladin
42:33 Hoardings
海旋风
0:44 Loom
14:17 Feudal Age
19:06 Castle Age
19:01 Horse Collar
19:10 Double-Bit Axe
23:11 Wheelbarrow
23:54 Gold Mining
24:17 Bow Saw
26:00 Hand Cart
30:49 Imperial Age
30:23 Husbandry
31:54 Bloodlines
31:07 Light Cavalry
33:35 Marauders
33:56 Conscription
34:12 Heavy Plow
34:23 Murder Holes
35:18 Hussar
37:19 Town Watch
37:54 Forging
39:06 Elite Tarkan
43:31 Iron Casting
43:01 Scale Barding Armor
46:40 Blast Furnace
46:00 Chain Barding Armor
钠呐纳卡姆
11:23 Feudal Age
14:02 Wheelbarrow
17:00 Castle Age
15:44 Double-Bit Axe
17:00 Horse Collar
17:50 Bow Saw
22:13 Horse Collar
24:11 Stone Mining
24:32 Heavy Plow
29:56 Bloodlines
32:44 Imperial Age
31:37 Hand Cart
31:48 Silk Armor
32:08 Bloodlines
32:00 Husbandry
31:23 Light Cavalry
32:02 Gold Mining
32:19 Padded Archer Armor
33:34 Gold Shaft Mining
33:31 Leather Archer Armor
33:51 Conscription
32:52 Elite Keshik
33:27 Fletching
33:12 Capped Ram
34:10 Forging
34:28 Timurid Siegecraft
35:07 Ring Archer Armor
34:34 Bodkin Arrow
34:39 Scale Mail Armor
34:47 Scale Barding Armor
34:18 Heavy Cavalry Archer
35:07 Elite Skirmisher
35:49 Bracer
36:11 Chain Barding Armor
37:07 Chemistry
36:41 Ballistics
36:40 Fortified Wall
37:55 Plate Barding Armor
37:56 Iron Casting
36:52 Elite Steppe Lancer
37:39 Hussar
40:57 Caravan
41:29 Coinage
41:10 Guilds
41:52 Siege Ram
John Farrell
10:11 Double-Bit Axe
13:14 Feudal Age
12:39 Gold Mining
13:43 Loom
17:44 Fishing Lines
21:12 Castle Age
19:51 Scale Barding Armor
20:18 Horse Collar
20:51 Bow Saw
23:29 Two-Man Saw
23:30 Gold Shaft Mining
22:51 Stone Mining
23:32 Gillnets
23:56 Medium Warships
25:15 Stone Shaft Mining
24:48 Heavy Plow
28:24 Crop Rotation
32:17 Imperial Age
30:28 Wheelbarrow
30:52 Chain Barding Armor
31:56 Hand Cart
31:27 Town Watch
31:56 Forging
33:45 Conscription
33:30 Burgundian Vineyards
33:30 Town Patrol
34:01 Husbandry
33:21 Cavalier
35:17 Plate Barding Armor
35:18 Iron Casting
35:24 Caravan
35:11 Paladin
36:42 Elite Coustillier
37:24 Light Cavalry
39:22 Blast Furnace
40:17 Hussar
43:07 Fletching
43:18 Padded Archer Armor
43:18 Scale Mail Armor
46:16 Flemish Revolution
Khrushchev
14:56 Feudal Age
17:12 Double-Bit Axe
19:58 Castle Age
20:51 Medium Warships
20:02 Demolition Ship
25:49 Imperial Age
23:53 Bow Saw
24:20 Gold Mining
24:16 Horse Collar
25:40 Ballistics
25:32 Careening
27:33 Chemistry
26:56 Shipwright
26:47 Clinker Construction
26:49 Fletching
27:00 Stone Mining
28:36 Wheelbarrow
29:38 Hand Cart
32:22 Carvel Hull
32:27 Elite Cannon Galleon
33:04 Heavy Demolition Ship
34:42 Bombard Tower
34:37 Careening
38:39 Caravan
39:08 Dry Dock
45:43 Fortified Wall
45:51 Fervor
45:59 Block Printing
46:24 Theocracy
46:13 Sanctity
45:54 Devotion
45:59 Atonement
46:10 Redemption
46:27 Illumination
DoominiqueCz
10:55 Feudal Age
12:28 Wheelbarrow
11:41 Double-Bit Axe
11:40 Horse Collar
14:12 Fishing Lines
21:14 Castle Age
20:51 Scale Mail Armor
21:02 Forging
22:29 Hand Cart
22:17 Pikeman
22:58 Heavy Plow
25:43 Chain Mail Armor
25:42 Loom
25:44 Town Watch
26:18 Gillnets
29:05 Bow Saw
29:58 Squires
30:42 Fervor
33:21 Chemistry
34:16 Caravan
37:50 Imperial Age
38:09 Wagenburg Tactics
39:06 Plate Mail Armor
39:11 Iron Casting
39:01 Halberdier
39:56 Elite Hussite Wagon
40:24 Houfnice
42:11 Conscription
45:27 Siege Engineers
45:33 Masonry
45:35 Fortified Wall
45:59 Arson
Quel Serrar
11:50 Feudal Age
12:16 Double-Bit Axe
12:22 Stone Mining
13:25 Horse Collar
23:38 Castle Age
24:36 Bow Saw
24:27 Heavy Plow
25:36 Gold Mining
26:34 Stone Shaft Mining
32:33 Imperial Age
30:14 Light Cavalry
31:05 Bloodlines
30:55 Husbandry
31:14 Forging
31:09 Scale Barding Armor
34:09 Wheelbarrow
34:00 Lechitic Legacy
34:01 Conscription
34:39 Crop Rotation
35:00 Iron Casting
34:46 Chain Barding Armor
37:00 Winged Hussar
38:42 Blast Furnace
39:49 Hand Cart
Connection lost

Rejoining the realm…

Still unreachable

The connection could not be restored.

Session expired

The server has moved on; the page needs a fresh start.